 Dungeon Crawl Stone Soup version 0.31.0-1-g2c135a008e (webtiles) character file.

Game seed: 5728046895181938055

39 qw the Shooter (level 3, -7/29 HPs)
             Began as a Djinni Hunter on Jan 24, 2024.
             Mangled by Sigmund
             ... wielding a +0 scythe
              (12 damage)
             ... on level 2 of the Dungeon.
             The game lasted 00:00:03 (951 turns).

qw the Shooter (Djinni Hunter)                       Turns: 951, Time: 00:00:04

Health: -7/29      AC:  3    Str: 10    XL:     3   Next: 67%
Gold:   64         EV: 12    Int: 10    God:
                   SH:  0    Dex: 18

rFire   + + .        a - +0 shortbow
rCold   x . .        (shield currently unavailable)
rNeg    . . .        c - +0 leather armour
rPois   inf          (no helmet)
rElec   .            (no cloak)
rCorr   .            (no gloves)
SInv    .            (boots unavailable)
Will    .....        (no amulet)
Stlth   ++           (no ring)
HPRegen 0.24/turn    (no ring)
MPRegen 0.00/turn

%: infuse magic (-8 HP)
@: flying
A: sickness immunity, fire resistance 2, cold vulnerability 1, float, innate
caster, HP casting, extra vitality 1
a: no special abilities


You were on level 2 of the Dungeon.
You visited 1 branch of the dungeon, and saw 2 of its levels.

You collected 64 gold pieces.


Innate Abilities, Weirdness & Mutations

You are immune to sickness and miasma.
You are immune to poison.
Your flesh is very heat resistant. (rF++)
You are vulnerable to cold. (rC-)
You float through the air rather than walking.
You learn spells naturally, not from books.
Your magical power is your life essence.
You have superior vitality. (+4 MHP)


   Skills:
 + Level 2.6 Fighting
 - Level 4.0 Ranged Weapons
 - Level 2.1 Dodging
 - Level 0.7 Stealth


You knew the following spells:

 Your Spells              Type           Power      Damage    Failure   Level
a - Summon Small Mammal   Summ           0%         N/A       45%         1
Your spell library was empty.

Inventory:

Hand Weapons
 a - a +0 shortbow (weapon)
Armour
 c - a +0 leather armour (worn)
Jewellery
 b - a +4 ring of protection
Scrolls
 d - a scroll of revelation {unknown}
Potions
 h - a potion of heal wounds

Dungeon Overview and Level Annotations

Branches:
Dungeon (2/15)

Altars:

Annotations:
D:2 Sigmund


Message History

Sigmund barely misses you.
939 ||| RETREEEEATING.
The hobgoblin hits you.
You shoot an arrow.
The arrow hits the hobgoblin but does no damage.
The hobgoblin hits you.
Sigmund gestures wildly while chanting.
Sigmund flickers and vanishes!
Deactivating autopickup; reactivate with Ctrl-A.
The hobgoblin misses you.
You shoot an arrow. The arrow hits the hobgoblin.
The hobgoblin is heavily wounded.
The hobgoblin closely misses you.
You hear some strange, mumbled words.
Something tries to affect you, but you resist.
You shoot an arrow. The arrow hits the hobgoblin.
The hobgoblin is almost dead.
The hobgoblin barely misses you. Something hits you!
943 ||| DRINKING 2 potions of heal wounds.
You feel much better. The hobgoblin closely misses you. Something hits you.
You shoot an arrow.
The arrow hits the hobgoblin but does no damage.
The hobgoblin is almost dead.
The hobgoblin closely misses you.
You shoot an arrow. The arrow barely misses the hobgoblin.
The hobgoblin barely misses you. Something hits you. The hobgoblin hits you.
You shoot an arrow. The arrow barely misses the hobgoblin.
Something hits you! The hobgoblin barely misses you.
You shoot an arrow. The arrow hits the hobgoblin.
You kill the hobgoblin!
Something hits you.
You shoot an arrow. Something hits you.
You shoot an arrow. Something hits you.
You shoot an arrow. You shoot an arrow. Something hits you!
You die... ######### #...%@..# #.#####{# .# .# .# .# g. .#

There were no monsters in sight!

Vanquished Creatures
  A dart slug (D:1)
  3 ribbon worms (D:2)
  2 ball pythons (D:1)
  3 endoplasms (D:1)
  3 giant cockroaches
  2 goblins
  6 hobgoblins
  4 bats
  A kobold (D:1)
  2 rats (D:1)
27 creatures vanquished.

Notes
Turn   | Place    | Note
-------+----------+-------------------------------------------
     0 | D:1      | qw the Djinni Hunter began the quest for the Orb.
     0 | D:1      | Reached XP level 1. HP: 18/18 MP: 0/0
     0 | D:1      | 0 ||| qw: Version: 0.3-a-136-gdd3b4e8
     0 | D:1      | 0 ||| qw: Game counter: 1275
     0 | D:1      | 0 ||| qw: Melee chars always use a shield: true
     0 | D:1      | 0 ||| qw: God list: Okawaru
     0 | D:1      | 0 ||| qw: Allow faded altars: false
     0 | D:1      | 0 ||| qw: Do Orc after clearing Dungeon:15 true
     0 | D:1      | 0 ||| qw: Do second Lair branch before Depths: true
     0 | D:1      | 0 ||| qw: Lair rune preference: random
     0 | D:1      | 0 ||| qw: Goals: Normal
     0 | D:1      | 0 ||| PLANNING D:1-11
    35 | D:1      | Reached XP level 2. HP: 7/23 MP: 0/0
   305 | D:1      | Reached XP level 3. HP: 28/28 MP: 0/0
   305 | D:1      | Learned a level 1 spell: Summon Small Mammal
   326 | D:1      | Reached skill level 4 in Ranged Weapons
   489 | D:1      | 489 ||| READING scroll labelled HOCZUO ROAS.
   489 | D:1      | 489 ||| IDENTIFYING 2 black potions
   490 | D:1      | 490 ||| READING scroll labelled ZEN USUSEI.
   491 | D:1      | 491 ||| READING scroll labelled JAD BOINUZI.
   544 | D:1      | 544 ||| READING 2 scrolls labelled NEWIUL ITAESI.
   549 | D:1      | 549 ||| DROPPING scroll of butterflies.
   778 | D:2      | 778 ||| DROPPING +0 sling of flaming.
   840 | D:2      | HP: 7/29 [ribbon worm (1)]
   841 | D:2      | 841 ||| READING scroll of teleportation.
   930 | D:2      | Noticed Sigmund
   939 | D:2      | 939 ||| RETREEEEATING.
   942 | D:2      | HP: 6/29 [something (7)]
   943 | D:2      | 943 ||| DRINKING 2 potions of heal wounds.
   948 | D:2      | HP: 5/29 [something (3)]
   951 | D:2      | Mangled by Sigmund

Levels and vault maps discovered:
D:1:      lemuel_arrival_rhombus, layout_rooms
D:2:      layout_loops_corners, serial_forest, infiniplex_forest_clump_double,
          infiniplex_forest_straight_3, infiniplex_forest_straight_2,
          infiniplex_forest_clump_curved, infiniplex_forest_straight_5,
          st_stairs_13, kennysheep_generic_room_6, uniq_sigmund

Skill      XL: |  1  2  3 |
---------------+----------+-----
Ranged Weapons | 4 |  4.0
Fighting       | |  2.6
Dodging        | |  2.1
Stealth        | |  0.7

Action                     || total
---------------------------++-------
   Fire: Shortbow          ||   102
    Use: Scroll            ||     5
         Potion            ||     1
 Armour: Leather armour    ||    26
  Dodge: Dodged            ||    30

Table legend:
 A = Non-vault XP
 B = Vault XP
 C = Vault XP percentage of total XP
 D = Non-vault monster count
 E = Vault monster count
 F = Vault count percentage of total count
                 A         B        C        D         E       F
            +---------+---------+-------+---------+---------+-------
      Total |      56 |       0 |   0.0 |      27 |       0 |   0.0
            +---------+---------+-------+---------+---------+-------
        D:1 |      36 |       0 |   0.0 |      20 |       0 |   0.0
        D:2 |      20 |       0 |   0.0 |       7 |       0 |   0.0
            +---------+---------+-------+---------+---------+-------
